Map: Abyssal Reef LE

Players

stakiimaN (stakimaN)

  • Race: Zerg Zerg
  • Spawn Location: 5:00

HateMe - Winner!

  • Race: Zerg Zerg
  • Spawn Location: 11:00

Event: WCS Valencia 2017

VOD

Have the link to the VOD?

Description

Time

  • Played on: July 13, 2017, 11:07 a.m.
  • Length: 13:34

All games in this series

Show
View Real Time Build Order
Export as new Build Order

stakiimaN Zerg 

Build Orders: Hatch First, Zergling Baneling 

Get SALT Encoding   

  12  0:00  Drone  
  13  0:12  Overlord  
  13  0:16  Drone  
  14  0:31  Drone x2  
  14  0:35  Drone  
  17  0:53  Hatchery  
  17  0:54  Drone  
  17  0:58  Drone  
  18  1:09  Extractor  
  17  1:13  Spawning Pool  
  17  1:15  Drone  
  17  1:19  Drone  
  18  1:28  Drone  
  19  1:38  Overlord  
  19  1:49  Drone  
  20  1:59  Queen  
  20  2:00  Zergling x2  
  23  2:04  Queen  
  23  2:05  Zergling x2  
  23  2:08  Metabolic Boost  
  26  2:11  Zergling x2  
  27  2:17  Drone  
  27  2:21  Drone  
  29  2:27  Drone  
  30  2:32  Drone  
  31  2:38  Drone  
  31  2:43  Drone  
  33  2:45  Hatchery  
  33  2:49  Baneling Nest  
  31  2:51  Drone  
  31  2:56  Overlord  
  32  2:59  Zergling x2  
  32  3:05  Zergling x2  
  34  3:13  Zergling x2  
  34  3:14  Zergling x2  
  34  3:15  Zergling x6  
  34  3:18  Zergling x2  
  34  3:19  Zergling x2  
  41  3:22  Overlord  
  40  3:29  Zergling x2  
  41  3:36  Zergling x4  
  41  3:39  Baneling x3  
  43  3:46  Zergling x2  
  43  3:47  Zergling x2  
  45  3:52  Overlord  
  45  3:53  Drone x4  
  45  3:55  Drone  
  50  3:59  Drone  
  50  4:06  Drone  
  49  4:12  Baneling  
  49  4:13  Drone  
  49  4:16  Drone x3  
  50  4:19  Roach Warren, Baneling x2, Extractor  
  50  4:23  Drone x2  
  49  4:29  Drone  
  49  4:30  Drone x3  
  48  4:35  Drone  
  48  4:36  Drone x2  
  51  4:41  Extractor, Baneling x2  
  51  4:45  Overlord x2  
  49  4:55  Zergling x6  
  49  4:57  Zergling x10  
  54  5:00  Roach  
  54  5:01  Zergling x2  
  54  5:04  Roach  
  54  5:05  Zergling x2  
  58  5:15  Zergling x2, Roach  
  58  5:20  Zergling x2, Roach x2  
  63  5:22  Zergling x2  
  63  5:26  Drone x2  
  65  5:29  Drone  
  65  5:34  Queen  
  69  5:35  Drone  
  69  5:38  Drone x2  
  69  5:40  Drone  
  72  5:44  Lair  
  72  5:47  Drone  
  73  5:56  Drone  
  74  5:57  Baneling  
  74  5:58  Baneling  
  74  6:02  Overlord x3  
  74  6:07  Extractor  
  73  6:11  Baneling  
  73  6:16  Roach  
  74  6:20  Roach x5  
  84  6:26  Roach x2  
  84  6:29  Overlord x5  
  88  6:35  Zergling x2  
  88  6:36  Zergling x6  
  92  6:41  Glial Reconstitution  
  92  6:44  Roach  
  92  6:45  Roach  
  92  6:46  Roach  
  98  6:48  Roach  
  98  6:50  Roach  
  98  6:55  Roach  
  98  6:57  Roach x2  
  98  6:59  Roach  
  106  7:03  Roach x2  
  110  7:08  Roach  
  110  7:11  Roach x2  
  110  7:13  Roach  
  116  7:16  Roach  
  116  7:17  Roach  
  116  7:19  Roach  
  121  7:24  Zergling x8  
  121  7:26  Baneling x2  
  121  7:27  Baneling  
  121  7:28  Baneling  
  121  7:29  Zergling x2  
  126  7:31  Zergling x2  
  126  7:34  Roach  
  126  7:35  Roach  
  131  7:40  Roach x2  
  131  7:42  Roach  
  137  7:55  Overlord  
  137  7:56  Overlord  
  137  8:10  Roach  
  137  8:13  Roach  
  136  8:20  Hydralisk Den  
  136  8:21  Spore Crawler x2  
  136  8:22  Spore Crawler, Drone x10  
  136  8:23  Drone x3  
  136  8:25  Drone  
  136  8:26  Drone  
  98  8:54  Hydralisk  
  98  8:55  Hydralisk x8  
  110  8:56  Drone  
  110  8:57  Extractor  
  94  9:04  Drone  
  94  9:06  Hydralisk  
  94  9:07  Hydralisk  
  93  9:11  Spore Crawler x2  
  93  9:12  Spore Crawler  
  93  9:13  Spore Crawler  
  93  9:16  Hydralisk, Muscular Augments  
  89  9:18  Hydralisk  
  89  9:22  Hydralisk  
  93  9:24  Hydralisk  
  93  9:27  Hydralisk  
  93  9:31  Roach  
  99  9:32  Roach  
  99  9:35  Roach  
  103  9:39  Roach x2  
  103  9:42  Roach x2  
  111  9:46  Roach  
  111  9:47  Roach  
  111  9:49  Roach  
  111  9:52  Roach x2  
  121  9:55  Overlord  
  121  9:57  Roach  
  121  9:58  Overseer  
  123  10:01  Roach  
  125  10:08  Hydralisk x3  
  125  10:13  Hydralisk x2  
  135  10:16  Hydralisk  
  135  10:19  Hydralisk  
  135  10:21  Hydralisk  
  139  10:25  Hydralisk  
  139  10:28  Hydralisk  
  145  10:42  Overlord x3  
  145  10:47  Overlord x4  
  145  11:00  Hydralisk  
  145  11:01  Hydralisk x3  
  153  11:06  Hydralisk  
  153  11:07  Hydralisk x3  
  161  11:12  Hydralisk  
  161  11:14  Hydralisk  
  161  11:16  Hydralisk  
  165  11:18  Hydralisk  
  165  11:23  Hydralisk x2  
  171  11:26  Overlord  
  171  11:28  Overlord  
  171  11:33  Hydralisk  
  171  11:38  Hydralisk x2  
  177  11:48  Hydralisk x4  
  177  11:51  Hydralisk  
  186  11:55  Hydralisk  
  186  11:56  Hydralisk  
  186  12:01  Hydralisk  
  190  12:07  Overseer  
  192  12:13  Roach  
  194  12:18  Overseer  
  194  12:19  Overseer, Hatchery  
  194  12:21  Roach x3  
  198  12:58  Roach  
  189  13:07  Hydralisk x5  
Show
View Real Time Build Order
Export as new Build Order

HateMe Zerg - Winner!

Build Orders: Hatch First, Lurkers 

Get SALT Encoding   

  12  0:02  Drone  
  13  0:12  Overlord  
  13  0:17  Drone  
  14  0:31  Drone x2  
  14  0:35  Drone  
  17  0:51  Hatchery  
  17  0:54  Drone  
  17  0:59  Drone  
  17  1:01  Extractor  
  17  1:14  Spawning Pool  
  17  1:17  Drone  
  17  1:20  Drone  
  18  1:28  Drone  
  19  1:39  Overlord  
  19  1:50  Drone  
  20  2:01  Drone  
  20  2:02  Queen  
  20  2:03  Queen  
  20  2:05  Metabolic Boost  
  25  2:09  Drone  
  25  2:12  Drone  
  27  2:17  Drone  
  28  2:24  Drone  
  28  2:27  Drone  
  30  2:38  Hatchery  
  30  2:42  Zergling x2  
  30  2:43  Zergling x2  
  31  2:46  Zergling x2  
  31  2:48  Zergling x2  
  33  2:54  Baneling Nest  
  33  2:57  Overlord  
  32  3:05  Zergling x4  
  34  3:14  Drone x2  
  34  3:18  Overlord  
  36  3:20  Drone  
  36  3:21  Drone x2  
  36  3:26  Drone  
  36  3:27  Drone x2  
  42  3:33  Queen  
  44  3:37  Baneling  
  44  3:40  Zergling x4  
  45  3:46  Baneling x2  
  44  3:48  Zergling x2  
  44  3:49  Zergling x4  
  44  3:54  Zergling x6  
  49  4:06  Zergling x8  
  49  4:09  Zergling x4  
  53  4:16  Zergling x4  
  48  4:20  Zergling x6  
  48  4:21  Zergling x2  
  50  4:24  Baneling x2  
  50  4:26  Zergling x4  
  47  4:31  Queen  
  47  4:36  Overlord  
  47  4:37  Drone x2  
  51  4:42  Evolution Chamber  
  51  4:43  Drone  
  51  4:47  Baneling  
  51  4:48  Baneling  
  51  4:51  Drone x4  
  55  4:56  Drone x3  
  52  5:05  Drone  
  52  5:06  Drone  
  52  5:07  Drone  
  53  5:10  Roach Warren  
  49  5:22  Extractor  
  49  5:23  Extractor, Queen  
  49  5:29  Zergling x14  
  54  5:38  Lair  
  54  5:44  Evolution Chamber  
  54  5:45  Zergling x8  
  54  5:48  Baneling x2  
  57  5:52  Overlord x2  
  57  5:58  Zerg Missile Weapons Level 1  
  57  6:01  Drone x5  
  57  6:02  Drone x3  
  65  6:08  Overlord  
  65  6:12  Drone  
  65  6:15  Overlord  
  61  6:20  Drone  
  61  6:22  Drone x2  
  61  6:25  Drone x3  
  65  6:27  Drone x3  
  69  6:33  Extractor  
  69  6:34  Extractor x2  
  69  6:37  Spire  
  69  6:38  Drone x6  
  71  6:43  Baneling  
  71  6:48  Overlord  
  71  6:53  Drone x2  
  72  7:04  Drone  
  72  7:05  Drone x2  
  72  7:07  Drone x2  
  72  7:08  Drone  
  77  7:10  Overlord  
  77  7:12  Glial Reconstitution  
  77  7:25  Overlord  
  77  7:30  Spine Crawler  
  77  7:31  Overseer  
  77  7:32  Spine Crawler x2  
  74  7:46  Spine Crawler  
  74  7:49  Mutalisk x10  
  74  7:51  Roach  
  95  7:53  Roach x2  
  95  7:55  Roach  
  95  7:57  Roach  
  95  7:58  Roach  
  105  7:59  Roach  
  105  8:01  Roach  
  105  8:04  Roach x2  
  110  8:07  Roach  
  110  8:08  Roach  
  110  8:11  Roach x2  
  118  8:16  Roach x2  
  122  8:23  Overlord x2  
  122  8:33  Roach x3  
  122  8:39  Roach x4  
  120  8:42  Roach x2  
  120  8:43  Roach x5  
  120  8:45  Roach  
  124  8:57  Roach x6  
  129  9:04  Roach  
  127  9:14  Queen  
  129  9:17  Drone x3  
  129  9:18  Zerg Missile Weapons Level 2  
  129  9:19  Drone x2  
  129  9:20  Hatchery  
  133  9:29  Drone x3  
  136  9:37  Overlord x2  
  136  9:38  Overlord x2  
  136  9:42  Hydralisk Den  
  135  9:47  Overlord  
  135  9:48  Overlord  
  135  9:53  Roach  
  135  9:57  Roach  
  135  9:58  Roach x2  
  143  10:03  Roach x2  
  143  10:04  Roach  
  149  10:10  Roach x2  
  153  10:15  Muscular Augments  
  153  10:17  Hydralisk x4  
  153  10:21  Hydralisk  
  161  10:25  Hydralisk x4  
  161  10:28  Unknown  
  171  10:29  Overlord  
  171  10:34  Roach x3  
  177  10:43  Overlord  
  177  10:46  Hydralisk x4  
  185  10:51  Drone  
  185  10:52  Drone  
  185  10:55  Roach x3  
  191  11:05  Extractor, Drone  
  191  11:06  Drone x3  
  191  11:11  Ravager x6  
  200  11:27  Lurker Den  
  200  11:34  Zerg Ground Armor Level 1, Drone x2, Spine Crawler x3  
  200  11:35  Pneumatized Carapace, Drone  
  200  11:36  Burrow  
  188  12:08  Overseer  
  182  12:09  Overseer  
  182  12:16  Roach x6  
  182  12:17  Roach x3  
  182  12:19  Extractor  
  162  12:54  Lurker x6  
  165  12:58  Lurker  
  165  12:59  Lurker x3  
Tags
 
Add a new tag
Caveats
  • Supply blocks, unpowered buildings, or Contaminate may cause inaccurate times.
  • Supply counts are checked every 10 seconds.